 Dungeon Crawl Stone Soup version 0.31-a0-7-g51783674b7 (webtiles) character file.

Game seed: 18053457967932304590

1676 BlueFish the Sneak (level 9, -3/60 HPs)
             Began as an Octopode Fighter on May 5, 2023.
             Slain by a sky beast (5 damage)
             ... on level 6 of the Dungeon.
             The game lasted 00:08:53 (5038 turns).

BlueFish the Sneak (Octopode Fighter)               Turns: 5038, Time: 00:08:53

Health: -3/60      AC:  1    Str: 26    XL:     9   Next: 1%
Magic:  11/11      EV: 14    Int: 10    God:
Gold:   345        SH:  8    Dex: 11    Spells: 6/11 levels left

rFire   . . .        a - +2 dagger (freeze)
rCold   + . .        b - +3 buckler
rNeg    + . .        (helmet restricted)
rPois   .            (no amulet)
rElec   .            p - ring of positive energy
rCorr   .            r - +6 ring of strength
SInv    .            D - ring of protection from cold
Will    .....        (no ring)
Stlth   ++++         (no ring)
HPRegen 0.30/turn    (no ring)
MPRegen 0.12/turn    (no ring)
                     (no ring)

%: no passive effects
@: no status effects
A: almost no armour, amphibious, 8 rings, camouflage 1, gelatinous body 1,
(nimble swimmer 1), tentacles
a: no special abilities


You were on level 6 of the Dungeon.
You visited 1 branch of the dungeon, and saw 6 of its levels.

You collected 345 gold pieces.

Inventory:

Hand Weapons
 a - a +2 dagger of freezing (weapon)
 x - a +0 rapier
Missiles
 g - 51 stones (quivered)
 l - 11 poisoned darts
 y - 3 boomerangs
Armour
 b - a +3 buckler (worn)
Jewellery
 p - a ring of positive energy (left tentacle)
 r - a +6 ring of strength (right tentacle)
 D - a ring of protection from cold (on tentacle)
Wands
 v - a wand of quicksilver (7)
 w - a wand of flame (43)
 E - a wand of iceblast (7)
Scrolls
 d - 4 scrolls of torment {unknown}
 e - 2 scrolls of acquirement {unknown}
 m - a scroll of blinking {unknown}
 n - 2 scrolls of enchant weapon {unknown}
 q - a scroll of immolation {unknown}
 t - a scroll of magic mapping {unknown}
 u - a scroll of fog {unknown}
 A - a scroll of brand weapon {unknown}
 B - 2 scrolls of teleportation {unknown}
 C - a scroll of noise {unknown}
Potions
 c - a potion of might
 f - 2 potions of curing
 h - 2 potions of magic
 i - 4 potions of haste
 j - a potion of mutation {unknown}
 k - 2 potions of cancellation {unknown}
 o - a potion of flight {unknown}
 s - a potion of invisibility {unknown}
 z - a potion of brilliance {unknown}


   Skills:
 + Level 4.8 Fighting
 + Level 4.2 Short Blades
 + Level 3.3 Throwing
 + Level 4.8 Dodging
 * Level 7.5 Stealth
 + Level 4.9 Shields
 + Level 1.8 Spellcasting
 * Level 2.9 Transmutations
 + Level 2.1 Evocations


You had 6 spell levels left.
You knew the following spells:

 Your Spells              Type           Power      Damage    Failure   Level
a - Blade Hands           Tmut           3%         N/A       97%         5

Your spell library contained the following spells:

 Spells                   Type           Power      Damage    Failure   Level
 Apportation              Tloc           0%         N/A       36%         1
 Freeze                   Ice            0%         1d3       36%         1
 Frozen Ramparts          Ice            0%         1d1       73%         3
 Hailstorm                Conj/Ice       0%         3d3       73%         3
 Portal Projectile        Hex/Tloc       0%         N/A       73%         3
 Tukima's Dance           Hex            0%         N/A       73%         3
 Alistair's Intoxication  Tmut/Pois      2%         N/A       99%         5
 Borgnjor's Vile Clutch   Necr/Erth      0%         N/A       100%        5
 Eringya's Noxious Bog    Tmut/Pois      1%         N/A       100%        6


Dungeon Overview and Level Annotations

Branches:
Dungeon (6/15)
 Temple: D:4-7

Altars:

Shops:
D:5 *

Annotations:
D:3 3 runed translucent doors, oldplebian's ghost, amateur HOFE


Innate Abilities, Weirdness & Mutations

You cannot wear most types of armour.
You are amphibious.
You can wear up to eight rings at the same time.
Your skin changes colour to match your surroundings (Stealth+).
Your rubbery body absorbs attacks. (AC +1, EV +1)
((You are camouflaged when in or above water. (Stealth+)))
You have tentacles for arms and can constrict up to eight enemies at once.


Message History

Aim: a sky beast (heavily wounded, 60% to hit)
The bolt of dispelling energy misses the sky beast.
The bolt of dispelling energy hits the scorpion!!
You kill the scorpion!
You block the sky beast's attack.
You have reached level 9!
Your experience leads to an increase in your attributes!
Your base attributes are Str 18, Int 10, Dex 11.
Increase (S)trength, (I)ntelligence, or (D)exterity?
You feel stronger. x2
You hit the sky beast. You freeze the sky beast.
The sky beast is heavily wounded.
You block the sky beast's attack.
You closely miss the sky beast. Your squeeze misses the sky beast.
The sky beast is heavily wounded.
The sky beast hits you. The sky beast shocks you.
* * * LOW HITPOINT WARNING * * *
Aiming: Quicksilver Bolt
Press: ? - help, Shift-Dir - straight line, f/p - sky beast
Aim: a sky beast (heavily wounded, 60% to hit)
The bolt of dispelling energy hits the sky beast!
The sky beast is almost dead.
The sky beast flickers out of sight!
Deactivating autopickup; reactivate with Ctrl-A.
Something hits you.
* * * LOW HITPOINT WARNING * * *
Something shocks you.
* * * LOW HITPOINT WARNING * * *
Okay, then.
Okay, then.
Aiming: Quicksilver Bolt
Press: ? - help, Shift-Dir - straight line, f - you That beam is likely to hit you.
Continue anyway?
Okay, then.
Aiming: Quicksilver Bolt
Press: ? - help, Shift-Dir - straight line Something hits you.
* * * LOW HITPOINT WARNING * * *
Something shocks you.
You die...

......>.##.# ###.#...##.#
# #.#..###.# #.#..# #.#
#.#..# #.# #.#..# #.#
#.#..# #.#
#.#..###.#################
#.s........{@..........#
#.......##############.#
#......[# #.# #.......#
#[# #.....[.# #.#
#.K.....# #.# #......##
#.# ##.###[# #.# #.#....#
####.#


There were no monsters in sight!

Vanquished Creatures
  A sky beast (D:6)
  An ice beast (D:5)
  An orc warrior (D:4)
  A centaur (D:5)
  6 scorpions
  A bullfrog (D:6)
  3 wights (D:6)
  2 howler monkeys
  3 hounds
  4 orc priests
  A jelly (D:5)
  2 iguanas
  Terence (D:2)
  Natasha (thrice) (D:4)
  3 orc wizards
  7 adders
  3 white imps
  5 worms
  2 dart slugs (D:4)
  22 orcs
  5 ball pythons
  6 endoplasms
  4 giant cockroaches
  2 goblins
  6 hobgoblins
  2 jackals (D:1)
  9 kobolds
  A quokka (D:3)
  5 bats
  3 frilled lizards
  4 rats
119 creatures vanquished.

Vanquished Creatures (others)
  2 plants (D:6)
2 creatures vanquished.

Grand Total: 121 creatures vanquished

Notes
Turn   | Place    | Note
-------+----------+-------------------------------------------
     0 | D:1      | BlueFish the Octopode Fighter began the quest for the Orb.
     0 | D:1      | Reached XP level 1. HP: 16/16 MP: 1/1
    88 | D:1      | Reached skill level 1 in Stealth
   116 | D:1      | Reached XP level 2. HP: 21/21 MP: 2/2
   950 | D:2      | Reached skill level 2 in Stealth
   950 | D:2      | Reached XP level 3. HP: 22/26 MP: 3/3
  1012 | D:2      | Noticed Terence
  1024 | D:2      | Killed Terence
  1025 | D:2      | Reached XP level 4. HP: 27/31 MP: 4/4
  1510 | D:3      | Noticed oldplebian's ghost (amateur HOFE)
  1543 | D:3      | Reached skill level 1 in Throwing
  1543 | D:3      | Reached skill level 3 in Stealth
  1546 | D:3      | Reached XP level 5. HP: 24/36 MP: 5/5
  1730 | D:3      | Found a faded altar of an unknown god.
  1846 | D:3      | Found a runed translucent gate.
  1847 | D:3      | Found a runed translucent gate.
  1848 | D:3      | Found a runed translucent gate.
  2107 | D:4      | Reached skill level 4 in Stealth
  2107 | D:4      | Reached XP level 6. HP: 43/43 MP: 6/6
  2962 | D:4      | Noticed Natasha
  2968 | D:4      | Killed Natasha
  2969 | D:4      | Reached skill level 5 in Stealth
  3051 | D:4      | Noticed an orc warrior
  3065 | D:4      | Reached XP level 7. HP: 40/48 MP: 7/7
  3560 | D:4      | Noticed Natasha
  3570 | D:4      | Killed Natasha
  3620 | D:4      | Noticed Natasha
  3626 | D:4      | Killed Natasha
  3627 | D:4      | Reached skill level 6 in Stealth
  3657 | D:4      | Learned a level 5 spell: Blade Hands
  3810 | D:5      | Entered Level 5 of the Dungeon
  3917 | D:5      | Reached XP level 8. HP: 54/54 MP: 8/8
  3932 | D:5      | Reached skill level 1 in Transmutations
  3932 | D:5      | Reached skill level 1 in Evocations
  3960 | D:5      | Reached skill level 1 in Spellcasting
  4544 | D:5      | Found Kuist's Fire Supplies.
  4735 | D:6      | Reached skill level 7 in Stealth
  5035 | D:6      | Reached XP level 9. HP: 23/60 MP: 11/11
  5038 | D:6      | HP: 2/60 [something (4)]
  5038 | D:6      | Slain by a sky beast

Illustrated notes

Levels and vault maps discovered:
D:1:      grunt_arrival_lava_bath, layout_loops_corners
D:2:      wander_river, layout_basic, hangedman_decor_points, uniq_terence
D:3:      layout_rooms, gammafunk_ghost_split,
          hellmonk_ecumenical_altar_lost_god
D:4:      kb_forest_paths, layout_layer_cave, uniq_natasha
D:5:      layout_basic, serial_corexii_hall, chequers_hall_statues_wall_a,
          chequers_hall_statues_wall_a, nicolae_shop_fire_sale
          [nicolae_sub_dead_trees], minmay_misc_feat_doors, grunt_ministairs_5,
          moated_statue
D:6:      cheibrodos_helix_gallery, layout_basic,
          chequers_temple_overflow_statue_of_worship,
          minmay_temple_entry_gardened_gates

Skill      XL: |  1  2  3  4  5  6  7  8 |
---------------+-------------------------+-----
Stealth        | 1 2 3 4 5 6 7 |  7.5
Throwing       | 1 2 3 |  3.3
Short Blades   | 3 4 |  4.2
Shields        | 4 |  4.9
Fighting       | 4 |  4.8
Dodging        | 4 |  4.8
Transmutations | 2 |  2.9
Evocations     | 2 |  2.1
Spellcasting   | 1 |  1.8

Action                     |  1- 3 |  4- 6 |  7- 9 || total
---------------------------+-------+-------+-------++-------
  Melee: Rapier            |    40 |   110 |     5 ||   155
         Constrict         |    11 |    33 |    27 ||    71
         Tentacles         |     8 |    23 |    26 ||    57
         Punch             |     1 |       |     2 ||     3
         Dagger            |       |       |   118 ||   118
  Throw: Stone             |       |       |     2 ||     2
  Evoke: Wand              |       |       |     7 ||     7
    Use: Scroll            |       |     7 |       ||     7
   Stab: Sleeping          |    12 |     9 |    10 ||    31
 Armour: Skin              |     2 |     9 |     2 ||    13
  Dodge: Dodged            |    14 |    56 |    46 ||   116
  Block: Buckler           |     5 |    30 |    34 ||    69

Table legend: (Time is in decaauts)
 A = Elapsed time spent in this place.
 B = Non-inter-level travel time spent in this place.
 C = Inter-level travel time spent in this place.
 D = Time resting spent in this place.
 E = Time spent auto-exploring this place.
 F = Levels seen in this place.
 G = Mean time per level.
                   A        B        C        D        E       F      G
               +--------+--------+--------+--------+--------+-----+--------+
         Total |   5029 |   4876 |    153 |     15 |   3941 |   6 |  838.2 |
       Dungeon |   5029 |   4876 |    153 |     15 |   3941 |   6 |  838.2 |
               +--------+--------+--------+--------+--------+-----+--------+

Top non-repeatable levels by time:
     D:4: 1818 daAuts
     D:5: 929 daAuts
     D:1: 901 daAuts
     D:2: 614 daAuts
     D:3: 484 daAuts
     D:6: 281 daAuts
